Map: Pendiente de Agustín EE

Players

ColinBlows

  • Race: Terran Terran
  • League: Silver
  • Spawn Location: 6:00

Battaglion

  • Race: Protoss Protoss
  • Spawn Location: 5:00

Zergling

  • Race: Zerg Zerg
  • League: Bronze
  • Spawn Location: 6:00

TATORREA

  • Race: Protoss Protoss
  • League: Gold
  • Spawn Location: 12:00

tigro

  • Race: Terran Terran
  • League: Bronze
  • Spawn Location: 11:00

MrFercho

  • Race: Zerg Zerg
  • League: Silver
  • Spawn Location: 12:00

VOD

Have the link to the VOD?

Description

Time

  • Played on: July 14, 2020, 8:18 p.m.
  • Length: 6:13
Show
View Real Time Build Order
Export as new Build Order

ColinBlows Terran 

Build Orders:  

Get SALT Encoding   

  12  0:02  SCV  
  13  0:19  Refinery  
  13  0:25  Supply Depot  
  13  0:26  SCV  
  14  0:39  SCV  
  15  0:51  Barracks, SCV  
  16  1:03  SCV  
  17  1:15  SCV  
  18  1:20  Supply Depot  
  18  1:27  SCV  
  18  1:30  Refinery  
  19  1:39  SCV  
  20  1:41  Barracks Reactor  
  20  1:46  Barracks  
  20  1:52  Orbital Command  
  20  2:12  Factory  
  20  2:23  Marine x2  
  22  2:38  Supply Depot  
  22  2:40  Marine x2, SCV  
  22  2:42  Marine  
  26  2:52  SCV  
  27  2:58  Marine x2  
  27  2:59  Marine  
  27  3:04  SCV  
  31  3:07  Engineering Bay  
  31  3:10  Starport  
  31  3:11  Factory Reactor  
  31  3:13  Factory Tech Lab  
  31  3:26  Marine x2  
  31  3:27  Marine  
  34  3:44  Marine x3  
  37  3:56  Bunker  
  37  4:02  Marine x2  
  39  4:22  Marine  
  39  5:15  SCV  
  39  5:29  SCV  
  39  5:47  Starport Tech Lab  
  39  5:52  Supply Depot, Command Center  
Show
View Real Time Build Order
Export as new Build Order

Battaglion Protoss 

Build Orders:  

Get SALT Encoding   

  12  0:02  Probe  
  13  0:15  Probe  
  13  0:18  Pylon  
  14  0:27  Probe  
  15  0:37  Gateway  
  15  0:40  Probe  
  16  0:47  Assimilator  
  16  0:53  Probe  
  16  0:56  Assimilator  
  17  1:01  Probe  
  17  1:10  Probe  
  19  1:22  Probe  
  20  1:25  Cybernetics Core  
  20  1:46  Probe  
  21  1:51  Warp Gate  
  21  1:56  Zealot  
  21  1:58  Gateway  
  23  2:06  Gateway  
  23  2:09  Pylon  
  23  2:27  Probe  
  23  2:28  Stalker  
  26  2:32  Pylon  
  25  2:56  Stalker x2  
  29  2:59  Zealot  
  31  3:15  Gateway  
  31  3:19  Pylon  
  31  3:43  Zealot x3  
  37  4:14  Stalker  
  39  4:18  Pylon  
  39  4:20  Pylon  
  39  4:37  Stalker  
  39  4:38  Stalker x3  
  47  5:02  Zealot  
  47  5:03  Zealot x3  
  45  5:47  Zealot x3  
  45  5:48  Zealot  
  51  6:11  Stalker x2  
Show
View Real Time Build Order
Export as new Build Order

Zergling Zerg 

Build Orders: Pool First 

Get SALT Encoding   

  12  0:04  Drone  
  13  0:14  Overlord  
  13  0:17  Drone  
  14  0:39  Drone x3  
  17  0:44  Extractor  
  16  0:53  Drone  
  16  0:54  Spawning Pool  
  16  1:16  Drone x2  
  18  1:30  Hatchery  
  17  1:44  Zergling x4  
  19  1:56  Metabolic Boost  
  19  2:02  Zergling x4  
  21  2:12  Overlord  
  21  2:25  Queen, Baneling Nest  
  22  2:30  Zergling x2  
  22  2:33  Zergling x2  
  24  2:41  Zergling x2  
  25  2:50  Zergling x2  
  25  2:51  Zergling x2  
  27  2:57  Zergling x2  
  28  3:01  Zergling x2  
  29  3:13  Zergling x4  
  31  3:20  Baneling x3  
  31  3:23  Zergling x2  
  31  3:24  Zergling x2  
  33  3:31  Zergling x2  
  34  3:36  Zergling x2  
  33  4:08  Zergling x4  
  35  4:10  Overlord x2  
  22  5:19  Zergling x2  
  22  5:20  Zergling x4  
  24  5:22  Zergling x2  
  24  5:23  Zergling x10  
  24  5:28  Zergling x4  
  31  5:46  Zergling x2  
  31  5:47  Zergling x8  
Show
View Real Time Build Order
Export as new Build Order

TATORREA Protoss 

Build Orders:  

Get SALT Encoding   

  12  0:01  Probe  
  13  0:13  Probe  
  14  0:21  Pylon  
  14  0:25  Probe  
  15  0:39  Probe  
  15  0:40  Gateway  
  16  1:05  Probe  
  17  1:13  Probe  
  17  1:15  Assimilator  
  17  1:17  Pylon  
  18  1:21  Probe  
  19  1:31  Probe  
  20  1:43  Probe, Cybernetics Core  
  21  1:55  Probe  
  22  2:08  Probe  
  23  2:09  Nexus  
  23  2:11  Pylon  
  23  2:14  Assimilator  
  23  2:23  Probe  
  23  2:28  Warp Gate  
  23  2:29  Stalker  
  26  2:33  Probe  
  27  2:41  Gateway  
  27  2:42  Probe  
  28  2:58  Probe  
  29  3:06  Stalker  
  29  3:10  Probe  
  32  3:22  Probe  
  32  3:23  Pylon, Probe  
  33  3:28  Pylon  
  33  3:35  Probe  
  33  3:36  Probe  
  33  3:39  Stalker x2  
  35  3:47  Probe  
  35  3:48  Probe  
  27  4:09  Probe  
  26  4:21  Stalker x2  
  30  4:33  Probe  
  30  4:35  Gateway  
  30  4:37  Gateway  
  31  4:39  Gateway  
  31  4:41  Probe  
  27  4:53  Adept  
  19  5:27  Stalker  
Show
View Real Time Build Order
Export as new Build Order

tigro Terran 

Build Orders:  

Get SALT Encoding   

  12  0:03  SCV  
  13  0:15  SCV  
  14  0:23  Supply Depot  
  14  0:27  SCV  
  15  0:37  Refinery  
  15  0:45  SCV  
  16  0:50  Barracks  
  16  0:57  SCV  
  16  1:03  Refinery  
  17  1:09  SCV  
  18  1:21  SCV  
  18  1:22  Supply Depot  
  19  1:33  SCV  
  20  1:40  Marine  
  21  1:58  Marine  
  22  2:14  Factory  
  22  2:16  Marine  
  23  2:28  SCV  
  24  2:34  Marine  
  25  2:40  SCV  
  26  2:46  Engineering Bay  
  26  2:52  Marine, SCV  
  28  3:16  Factory Tech Lab  
  28  3:37  Command Center  
  22  3:49  Siege Tank  
  22  3:51  Marine  
  26  4:00  Terran Infantry Weapons Level 1  
  26  4:06  Orbital Command  
  26  4:09  Marine  
Show
View Real Time Build Order
Export as new Build Order

MrFercho Zerg 

Build Orders: Hatch First 

Get SALT Encoding   

  12  0:01  Drone  
  13  0:13  Overlord  
  13  0:16  Drone  
  14  0:31  Drone x2  
  16  0:52  Hatchery  
  16  0:54  Drone  
  16  0:57  Drone  
  16  1:01  Drone  
  18  1:11  Extractor  
  17  1:18  Spawning Pool  
  17  1:20  Drone  
  17  1:24  Drone  
  18  1:30  Drone  
  19  1:39  Drone  
  20  1:50  Drone  
  21  2:01  Drone  
  22  2:04  Drone  
  22  2:08  Queen x2  
  27  2:12  Overlord  
  27  2:15  Zergling x2  
  27  2:19  Metabolic Boost  
  28  2:26  Overlord  
  28  2:32  Drone  
  28  2:33  Drone  
  28  2:36  Drone  
  31  2:47  Drone  
  31  2:48  Drone  
  33  2:58  Drone  
  34  2:59  Drone  
  35  3:18  Drone x3  
  38  3:20  Drone  
  38  3:40  Hatchery  
  37  3:42  Extractor, Baneling Nest  
  37  3:44  Zergling x18  
  37  3:45  Extractor  
  43  3:54  Zergling x2  
  44  3:56  Overlord  
  44  4:08  Overlord x2  
  44  4:19  Zergling x10  
  49  4:29  Spine Crawler  
  48  4:32  Baneling  
  48  4:33  Baneling x5  
  48  4:35  Zergling x8  
  52  4:41  Zergling x2  
  49  5:11  Zergling x14  
  49  5:14  Baneling x8  
  45  5:22  Zergling x4  
  45  5:23  Zergling x8  
  44  5:44  Zergling x2  
  44  5:45  Zergling x6  
  44  5:55  Zergling x4  
Tags
 
Add a new tag
Caveats
  • Supply blocks, unpowered buildings, or Contaminate may cause inaccurate times.
  • Supply counts are checked every 10 seconds.